 Dungeon Crawl Stone Soup version 0.29.1-2-gbd0b4ee654 (webtiles) character file.

Game seed: 4420499034404677657

2 kingsuperguy the Caller (level 1, -1/13 HPs)
             Began as a Merfolk Summoner on Nov 20, 2022.
             Slain by a rat (2 damage)
             ... on level 1 of the Dungeon.
             The game lasted 00:00:28 (196 turns).

kingsuperguy the Caller (Merfolk Summoner)           Turns: 196, Time: 00:00:29

Health: -1/13      AC:  2    Str:  8    XL:     1   Next: 40%
Magic:  2/3        EV: 12    Int: 14    God:
Gold:   0          SH:  0    Dex: 14    Spells: 3/4 levels left

rFire   . . .      SeeInvis .   (no weapon)
rCold   . . .      Faith    .   (no shield)
rNeg    . . .      Spirit   .   a - +0 robe
rPois   .          Reflect  .   (no helmet)
rElec   .          Harm     .   (no cloak)
rCorr   .          Rampage  .   (no gloves)
Will    .....                   (no boots)
Stlth   ++........              (no amulet)
HPRegen 0.04/turn               (no ring)
MPRegen 0.08/turn               (no ring)

@: no status effects
A: (nimble swimmer 2), mertail
a: no special abilities


You were on level 1 of the Dungeon.
You visited 1 branch of the dungeon, and saw 1 of its levels.

Inventory:

Armour
 a - a +0 robe (worn)
Potions
 b - a potion of magic


   Skills:
 + Level 2.7 Dodging
 + Level 2.2 Stealth
 + Level 2.0 Spellcasting
 + Level 4.1 Summonings


You had 3 spell levels left.
You knew the following spells:

 Your Spells              Type           Power      Damage    Failure   Level
a - Summon Small Mammal   Summ           48%        N/A       4%          1

Your spell library contained the following spells:

 Spells                   Type           Power      Damage    Failure   Level
 Call Imp                 Summ           12%        N/A       7%          2
 Call Canine Familiar     Summ           12%        N/A       13%         3
 Summon Guardian Golem    Hex/Summ       7%         N/A       30%         3
 Summon Lightning Spire   Summ/Air       7%         N/A       71%         4


Dungeon Overview and Level Annotations

Branches:
Dungeon (1/15)

Altars:


Innate Abilities, Weirdness & Mutations

((You are very nimble when in or above water. (Stealth+, EV+, Speed+++)))
Your lower body shifts to a powerful aquatic tail in water.


Message History

You swap places.
Your quokka barely misses the endoplasm.
The endoplasm barely misses your quokka.
You swap places.
Your quokka bites the endoplasm but does no damage.
The endoplasm hits your quokka but does no damage.
You swap places.
Your quokka bites the endoplasm.
The endoplasm hits your quokka but does no damage.
Your quokka bites the endoplasm.
The endoplasm dies!
You swap places.
You swap places.
A rat comes into view.
An endoplasm comes into view.
Found a stone staircase leading down.
The endoplasm quivers.
Your quokka barely misses the rat.
The rat attacks as you move away! The rat barely misses you.
Found a scroll labelled MUIPI BYAST.
Your quokka closely misses the rat.
Your rat barely misses the rat.
Your quokka disappears in a puff of smoke!
The endoplasm barely misses you.
You barely miss the rat. The rat bites you.
The endoplasm hits you but does no damage.
You hit the rat.
The rat is heavily wounded.
Your rat disappears in a puff of smoke!
The rat bites you but does no damage. The endoplasm freezes you.
You are frozen.
The endoplasm hits you. The endoplasm attacks as you move away!
The endoplasm closely misses you. The rat attacks as you move away!
The rat barely misses you. The rat attacks as you move away!
The rat closely misses you. The rat attacks as you move away!
The rat misses you. The rat attacks as you move away!
The rat closely misses you. The rat attacks as you move away!
The rat bites you.
* * * LOW HITPOINT WARNING * * *
The rat attacks as you move away! The rat bites you.
You die...

###.?... ..
#.....###....
###>...........
#.....#.#.#...
#....J#.#
#.....#.#
#.....#J# #
#.....#r#.#
#......@..#
#.....#.###
#.#...#.#
#.#.#.#.# #
#.#.#.#.###
#.#.#.....
#.#.###.#####..
#.#.#.......+..
#.#...#.# #..


You could see an endoplasm and a rat.

Vanquished Creatures (collateral kills)
  An endoplasm (D:1)
  A hobgoblin (D:1)
2 creatures vanquished.

Notes
Turn   | Place    | Note
-------+----------+-------------------------------------------
     0 | D:1      | kingsuperguy the Merfolk Summoner began the quest for the
                  | Orb.
     0 | D:1      | Reached XP level 1. HP: 13/13 MP: 3/3
   196 | D:1      | Slain by a rat

Illustrated notes

Levels and vault maps discovered:
D:1:      tarquinn_simple_flora_water_d, layout_basic,
          chequers_ecumenical_altar_simple

Action                   || total
-------------------------++-------
Melee: Unarmed           ||     7
 Cast: Summon Small Mamm ||     6
Armor: Robe              ||     3
Dodge: Dodged            ||    12
